 Dungeon Crawl Stone Soup version 0.27.0-1-g7a089689b8 (webtiles) character file.

Game seed: 4982730585970409200

186875 rjrrt the Executioner (level 17, -4/158 HPs)
             Began as a Minotaur Berserker on Aug 12, 2021.
             Was a High Priest of Trog.
             Slain by a merfolk impaler (5 damage)
             ... on level 2 of the Shoals.
             The game lasted 01:12:40 (32113 turns).

rjrrt the Executioner (Minotaur Berserker)         Turns: 32113, Time: 01:12:41

Health: -4/158     AC: 31    Str: 28    XL:     17   Next: 44%
Magic:  25/25      EV: 10    Int:  5    God:    Trog [*****.]
Gold:   1696       SH:  5    Dex: 11    Spells: 16/16 levels left

rFire    + . .     SeeInvis +   a - +4 battleaxe (flame)
rCold    . . .     Faith    .   (shield currently unavailable)
rNeg     + . .     Spirit   .   D - +0 crystal plate armour
rPois    .         Reflect  +   (helmet restricted)
rElec    .         Harm     .   e - +0 cloak {rCorr}
rCorr    +         Rampage  .   U - +2 pair of gloves of Defiance {rF+ Int-2 Stlth+}
Will     ++...                  h - +1 pair of boots
Stlth    ..........             C - amulet of reflection
HPRegen  0.36/turn              I - ring of willpower
MPRegen  0.19/turn              W - ring of Yddithrih {Fly rN+ MP+9 Int+3 SInv}

@: flying, mesmerised, studying Ice Magic
A: horns 2, retaliatory headbutt
}: 1/15 runes: gossamer
a: Renounce Religion, Berserk, Trog's Hand, Brothers in Arms


You were on level 2 of the Shoals.
You worshipped Trog.
Trog was extremely pleased with you.
You visited 5 branches of the dungeon, and saw 29 of its levels.
You also visited: Ice Cave.

You collected 2690 gold pieces.
You spent 994 gold pieces at shops.

Inventory:

Hand Weapons
 a - a +4 battleaxe of flaming (weapon)
 b - a +5 demon trident of electrocution
 m - a +3 antimagic battleaxe
 u - a +0 executioner's axe
Missiles
 c - 38 boomerangs (quivered)
 q - a throwing net
 y - 6 curare-tipped darts
 Q - 7 javelins
 V - 4 boomerangs of dispersal
Armour
 e - a +0 cloak of preservation (worn)
 h - a +1 pair of boots (worn)
 D - a +0 crystal plate armour (worn)
 S - a +1 chain mail of poison resistance
 T - a scarf of resistance
 U - the +2 pair of gloves of Defiance (worn) {rF+ Int-2 Stlth+}
   (You found it in an ice cave)

   Int:       It affects your intelligence (-2).
   rF:        It protects you from fire.
   Stlth:     It makes you more stealthy.
Jewellery
 j - a ring of poison resistance
 k - a +4 ring of evasion
 C - an amulet of reflection (around neck)
 I - a ring of willpower (left hand)
 N - a ring of protection from cold
 O - the amulet "Bodeu" {rF+ Regen+ Dex+5}
   (You acquired it on level 6 of the Dungeon)

   [amulet of regeneration]

   Dex:       It affects your dexterity (+5).
   rF:        It protects you from fire.
   Regen:     It increases your rate of health regeneration.
 W - the ring of Yddithrih (right hand) {Fly rN+ MP+9 Int+3 SInv}
   (You acquired it on level 4 of the Spider Nest)

   [ring of magical power]

   Int:       It affects your intelligence (+3).
   rN:        It protects you from negative energy.
   MP:        It affects your magic capacity (+9).
   SInv:      It lets you see invisible.
   Fly:       It grants you flight.
Wands
 f - a wand of mindburst (16)
 n - a wand of flame (68)
 r - a wand of iceblast (23)
 M - a wand of polymorph (8)
Scrolls
 d - 10 scrolls of teleportation
 o - 2 scrolls of summoning
 p - 4 scrolls of enchant weapon
 s - 6 scrolls of blinking
 t - 8 scrolls of enchant armour
 v - 2 scrolls of brand weapon
 w - 13 scrolls of identify
 x - 4 scrolls of fog
 A - 4 scrolls of immolation
 E - 7 scrolls of fear
 H - 2 scrolls of magic mapping
 P - 3 scrolls of holy word
Potions
 g - 13 potions of curing
 i - 7 potions of haste
 l - 5 potions of might
 z - 3 potions of lignification
 B - a potion of flight
 F - a potion of cancellation
 G - 4 potions of heal wounds
 J - 4 potions of invisibility
 K - a potion of resistance
 L - 4 potions of ambrosia
 R - 5 potions of attraction


   Skills:
 + Level 15.8 Fighting
 * Level 22.3 Axes
 + Level 8.4 Throwing
 + Level 15.5 Armour
 + Level 14.3 Dodging
 - Level 4.0 Evocations


You had 16 spell levels left.
You didn't know any spells.
Your spell library was empty.

Dungeon Overview and Level Annotations

Branches:
Dungeon (15/15)            Temple (0/1) D:5            Lair (6/6) D:8
 Shoals (2/4) Lair:4       Spider (4/4) Lair:4        Slime (0/5) Lair:5
    Orc (2/2) D:11            Elf (0/3) Orc:2        Vaults (0/5) D:14
 Depths (0/5) D:15          IceCv (visited)

Altars:
Ashenzari
Elyvilon
Gozag
Hepliaklqana
Makhleb
Sif Muna
Uskayaw
Wu Jian
The Shining One
Beogh

Shops:
D:5 ?   D:6 ???   D:9 [   D:13 *   Orc:1 [   Orc:2 !**(   Shoals:1 :


Innate Abilities, Weirdness & Mutations

You have a pair of horns on your head.
You reflexively headbutt those who attack you in melee.


Message History

Your deep troll claws the merfolk avatar!!
Your deep troll claws the merfolk avatar.
The merfolk hits you from afar with a +0 trident.
* * * LOW HITPOINT WARNING * * *
You hit the merfolk avatar. You burn the merfolk avatar.
You kill the merfolk avatar!
Trog accepts your kill.
Trog appreciates your killing of a magic user.
You slice the merfolk javelineer!! You burn the merfolk javelineer!
You kill the merfolk javelineer!
Trog accepts your kill.
You hear a splash. x3
The pull of its song draws you forwards.
Shadowy forms rise from the deep at the merfolk avatar's song!
The shadowy forms in the deep grow still as others approach.
The merfolk avatar chants its luring song.
The merfolk throws a boomerang of dispersal.
The boomerang of dispersal hits you but does no damage.
Your deep troll rages.
The merfolk avatar chants its luring song.
The merfolk hits you from afar with a +0 trident.
* * * LOW HITPOINT WARNING * * *
The merfolk avatar chants its luring song.
You hit the merfolk avatar. You burn the merfolk avatar.
Your headbutt misses the merfolk avatar.
The merfolk avatar is lightly wounded.
The merfolk avatar chants its luring song.
The merfolk impaler hits you but does no damage.
You hear an angry hiss.
You closely miss the merfolk avatar.
You headbutt the merfolk avatar, but do no damage.
The merfolk avatar is lightly wounded.
Your deep troll rages.
You block the merfolk impaler's attack.
The merfolk avatar chants its luring song.
You slice the merfolk avatar!! You burn the merfolk avatar.
The merfolk avatar is moderately wounded.
The merfolk impaler hits you from afar with a +2 vorpal trident!
* * * LOW HITPOINT WARNING * * *
You die...

≈≈≈≈≈≈≈≈≈≈.......≈≈≈.......
≈≈≈≈≈≈≈≈≈.......≈≈≈≈T≈≈≈≈≈≈
≈≈≈≈≈≈≈≈≈≈...≈≈≈≈≈≈≈≈≈≈####
≈≈≈≈≈≈≈≈≈≈.≈≈≈####≈≈≈≈≈#
≈≈≈≈≈≈≈≈.≈≈≈≈≈#≈≈≈≈≈≈≈≈#
≈≈≈≈≈≈≈.≈≈≈≈≈#≈≈#≈≈≈≈≈##≈
≈≈≈≈≈≈..≈≈≈≈####mm≈≈≈≈≈≈≈
≈.≈≈≈..≈≈≈≈≈≈≈≈≈#≈##≈≈##
.≈≈≈≈≈≈@≈≈#≈≈#≈≈≈≈
..≈≈≈≈≈m≈≈#≈≈# ≈#≈
....≈≈≈≈≈≈#### #
≈......≈≈≈≈≈ ≈≈...........
≈≈≈.........≈≈≈
≈≈≈≈≈≈≈≈≈≈≈≈≈≈≈
≈≈≈≈≈≈≈≈≈≈≈≈≈≈≈


You could see a merfolk avatar (mesmerising), a merfolk impaler, a merfolk (ally
target) and a friendly deep troll (summoned, berserk).

Vanquished Creatures
  Polyphemus (Shoals:2)
  3 ghost moths (Spider:4)
  7 emperor scorpions
  An entropy weaver (Spider:2)
  4 spark wasps
  A merfolk impaler (Shoals:2)
  2 blizzard demons (IceCv)
  A fire dragon (Lair:6)
  A merfolk javelineer (Shoals:2)
  An ettin (Orc:2)
  6 boulder beetles
  8 vault guards (D:14)
  9 hydras
  3 centaur warriors
  A catoblepas (D:13)
  A merfolk avatar (Shoals:2)
  2 merfolk aquamancers
  7 death yaks
  A satyr (Shoals:2)
  2 two-headed ogres
  5 tengu warriors
  Urug (Orc:1)
  Sonja (Lair:5)
  2 sea snakes
  A glowing orange brain (shapeshifter) (D:15)
  A deep troll (D:15)
  An obsidian statue (IceCv)
  A wizard (D:14)
  A lindwurm (Lair:6)
  14 harpies
  A bog body (IceCv)
  A deep elf zephyrmancer (D:15)
  2 necromancers (D:15)
  19 orb spiders
  A deep elf pyromancer (D:13)
  An orc knight (D:15)
  3 cyclopes
  8 orc sorcerers
  15 ugly things
  6 manticores
  A moth of wrath (Spider:3)
  10 fauns
  18 wolf spiders
  Maurice (D:12)
  2 centaur zombies
  2 elephants (Lair:3)
  A torpor snail (Lair:5)
  A gargoyle (D:10)
  A cane toad (shapeshifter) (D:15)
  2 merfolk sirens (Shoals:2)
  7 black mambas
  9 cane toads
  5 rime drakes
  A kobold demonologist (D:14)
  2 freezing wraiths
  3 anaconda simulacra (IceCv)
  3 efreet
  6 komodo dragons
  7 entropy weaver simulacra (IceCv)
  6 ice devils (IceCv)
  15 demonic crawlers
  A golden dragon simulacrum (IceCv)
  2 tengu conjurers
  4 merfolk
  3 trolls
  3 polar bears
  29 jumping spiders
  9 hornets (Spider:4)
  A wind drake (Shoals:1)
  5 dream sheep (Lair:6)
  7 slime creatures
  23 blink frogs
  A centaur simulacrum (D:15)
  16 tarantellas
  46 redbacks
  6 spriggan simulacra (IceCv)
  3 water elementals
  A dire elephant simulacrum (IceCv)
  Eustachio (D:6)
  34 yaks
  A wraith (D:13)
  A human (D:11)
  6 wyverns
  3 basilisks
  9 minotaur simulacra (IceCv)
  4 steam dragons
  5 vampire mosquitoes
  10 wargs
  2 harpy simulacra (IceCv)
  5 acid dragons
  20 water moccasins
  4 swamp worms (Lair:4)
  3 hell hounds (Lair:6)
  Duvessa (D:4)
  22 orc warriors
  An ettin simulacrum (IceCv)
  2 alligator simulacra (IceCv)
  8 ogres
  2 black bears (D:5)
  24 wolves
  4 boggarts (D:15)
  9 centaurs
  A phantom (D:7)
  7 kobold brigands
  2 gnoll sergeants
  A scorpion (D:5)
  11 bullfrogs
  5 deep troll simulacra (IceCv)
  Dowan (D:4)
  A water moccasin zombie (D:6)
  2 wyvern skeletons (D:5)
  A water moccasin skeleton (D:4)
  3 killer bees (D:9)
  2 lindwurm simulacra (IceCv)
  7 wights (D:9)
  4 electric eels
  2 howler monkeys (D:10)
  3 lava snakes (Lair:6)
  5 gnoll shamans
  5 hounds
  14 jellies
  A bullfrog skeleton (D:6)
  16 orc priests
  An iguana (D:7)
  Natasha (thrice) (D:4)
  44 orc wizards
  A killer bee zombie (D:8)
  A hound zombie (D:4)
  A howler monkey zombie (D:9)
  23 gnolls
  4 adders
  3 white imps
  An ufetubus (D:6)
  7 dart slugs
  A worm (D:4)
  120 orcs
  5 bats
  12 endoplasms
  5 giant cockroaches
  6 goblins
  5 hobgoblins
  5 jackals (D:3)
  4 quokkas
  3 ball pythons
  4 frilled lizards
  16 kobolds
  8 rats
968 creatures vanquished.

Vanquished Creatures (collateral kills)
  A merfolk impaler (Shoals:1)
  A hydra (Lair:6)
  An alligator snapping turtle (Shoals:1)
  A merfolk avatar (Shoals:1)
  A wolf spider (Spider:2)
  An orb spider (Spider:2)
  2 fauns (Shoals:1)
  4 elephants (Lair:3)
  A merfolk siren (Shoals:1)
  2 molten gargoyles (Lair:6)
  A cane toad (Lair:3)
  A merfolk (Shoals:2)
  2 wind drakes (Shoals:1)
  A redback (Spider:2)
  A basilisk (Lair:6)
  2 lava snakes (Lair:6)
23 creatures vanquished.

Vanquished Creatures (others)
  A jumping spider (Spider:2)
  A redback (Spider:2)
  A water elemental (Shoals:1)
  A boggart (D:15)
  An orc wizard (Orc:2)
  9 fungi
  22 plants
36 creatures vanquished.

Grand Total: 1027 creatures vanquished

Notes
Turn   | Place    | Note
-------+----------+-------------------------------------------
     0 | D:1      | rjrrt the Minotaur Berserker began the quest for the Orb.
     0 | D:1      | Reached XP level 1. HP: 19/19 MP: 0/0
    96 | D:1      | Reached skill level 4 in Axes
   241 | D:1      | Reached XP level 2. HP: 14/26 MP: 1/1
   827 | D:1      | Reached skill level 5 in Axes
  1146 | D:2      | Reached XP level 3. HP: 31/31 MP: 2/2
  1682 | D:2      | Reached skill level 6 in Axes
  1682 | D:2      | Reached XP level 4. HP: 27/39 MP: 3/3
  1824 | D:2      | Reached ** piety under Trog
  2320 | D:3      | Found a faded altar of an unknown god.
  2489 | D:3      | Found a broken altar of Ashenzari.
  2583 | D:3      | Reached XP level 5. HP: 46/46 MP: 4/4
  2723 | D:3      | Reached *** piety under Trog
  2929 | D:4      | Noticed Natasha
  2937 | D:4      | Killed Natasha
  2938 | D:4      | Reached skill level 7 in Axes
  2963 | D:4      | Noticed Natasha
  2971 | D:4      | Killed Natasha
  3078 | D:4      | Noticed an ogre
  3083 | D:4      | Killed an ogre
  3084 | D:4      | Reached skill level 8 in Axes
  3084 | D:4      | Reached XP level 6. HP: 52/52 MP: 5/5
  3154 | D:4      | Noticed Natasha
  3161 | D:4      | Killed Natasha
  3625 | D:4      | Noticed Duvessa
  3634 | D:4      | Killed Duvessa
  3635 | D:4      | Reached skill level 9 in Axes
  3752 | D:4      | Noticed Dowan
  3765 | D:4      | Killed Dowan
  3766 | D:4      | Reached XP level 7. HP: 50/58 MP: 6/6
  3773 | D:4      | Found a hazy altar of Hepliaklqana.
  4042 | D:5      | Entered Level 5 of the Dungeon
  4154 | D:5      | Reached skill level 10 in Axes
  4246 | D:5      | Found Iqid's Magic Scroll Emporium.
  4250 | D:5      | Bought a scroll of summoning for 114 gold pieces
  4250 | D:5      | Bought a scroll of enchant weapon for 90 gold pieces
  4483 | D:5      | Found a staircase to the Ecumenical Temple.
  4560 | D:5      | Reached skill level 11 in Axes
  4560 | D:5      | Reached skill level 1 in Throwing
  4560 | D:5      | Reached XP level 8. HP: 66/66 MP: 7/7
  4773 | D:6      | Found Sofijexa's Magic Scroll Boutique.
  4783 | D:6      | Found Notuss's Magic Scroll Shop.
  4785 | D:6      | Found Jeumpups's Magic Scroll Emporium.
  4798 | D:6      | Bought a scroll of blinking for 75 gold pieces
  4905 | D:6      | Noticed Eustachio
  4941 | D:6      | Killed Eustachio
  4979 | D:6      | Reached skill level 1 in Evocations
  5095 | D:6      | Found an ornate altar of the Wu Jian Council.
  5099 | D:6      | Found a burning altar of Makhleb.
  5163 | D:6      | Reached **** piety under Trog
  5332 | D:6      | Found a hide-covered altar of Uskayaw.
  5333 | D:6      | Found a shimmering blue altar of Sif Muna.
  5349 | D:6      | Reached skill level 5 in Fighting
  5910 | D:7      | Reached XP level 9. HP: 63/74 MP: 8/8
  6164 | D:7      | Reached skill level 12 in Axes
  6605 | D:8      | Noticed a troll
  6606 | D:8      | Reached skill level 5 in Armour
  6620 | D:8      | Killed a troll
  6870 | D:8      | Found a staircase to the Lair.
  7202 | D:8      | Reached skill level 5 in Dodging
  7426 | D:8      | Identified the +12 hunting sling of Reapportionment
                  | {vorpal, rC+ Int+4}
  7506 | D:8      | Reached ***** piety under Trog
  7720 | Lair:1   | Entered Level 1 of the Lair of Beasts
  7861 | Lair:1   | Reached XP level 10. HP: 84/84 MP: 9/9
  7868 | Lair:1   | Noticed a cane toad
  7874 | Lair:1   | Killed a cane toad
  7938 | Lair:1   | Noticed a black mamba
  7946 | Lair:1   | Killed a black mamba
  7947 | Lair:1   | Reached skill level 13 in Axes
  8254 | Lair:1   | Noticed a black mamba
  8260 | Lair:1   | Killed a black mamba
  8931 | Lair:2   | Noticed a black mamba
  8942 | Lair:2   | Killed a black mamba
  9097 | Lair:2   | Noticed a cane toad
  9105 | Lair:2   | Killed a cane toad
  9585 | Lair:2   | Noticed a cane toad
  9595 | Lair:2   | Killed a cane toad
  9917 | Lair:2   | Reached skill level 14 in Axes
  9922 | Lair:2   | Reached XP level 11. HP: 94/94 MP: 10/10
 10936 | Lair:3   | Reached skill level 15 in Axes
 10947 | Lair:3   | Received a gift from Trog
 11409 | Lair:3   | Noticed a four-headed hydra
 11416 | Lair:3   | Killed a one-headed hydra
 11596 | Lair:3   | Reached XP level 12. HP: 90/106 MP: 11/11
 12241 | Lair:4   | Noticed a six-headed hydra
 12253 | Lair:4   | Killed a four-headed hydra
 12326 | Lair:4   | Noticed a six-headed hydra
 12338 | Lair:4   | Killed a two-headed hydra
 12339 | Lair:4   | Reached skill level 10 in Fighting
 12709 | Lair:4   | Reached skill level 16 in Axes
 12736 | Lair:4   | Found a hole to the Spider Nest.
 12881 | Lair:4   | Reached skill level 10 in Armour
 12902 | Lair:4   | Found a staircase to the Shoals.
 13857 | Lair:5   | Noticed a death yak
 14047 | Lair:4   | Killed a death yak
 14086 | Lair:5   | Noticed a death yak
 14107 | Lair:5   | Killed a death yak
 14109 | Lair:5   | Reached skill level 17 in Axes
 14120 | Lair:5   | Received a gift from Trog
 14128 | Lair:5   | Reached XP level 13. HP: 48/116 MP: 12/12
 14381 | Lair:5   | Reached skill level 10 in Dodging
 15007 | Lair:5   | Noticed Sonja
 15014 | Lair:5   | Killed Sonja
 15111 | Lair:5   | Found a staircase to the Slime Pits.
 15443 | Lair:6   | Entered Level 6 of the Lair of Beasts
 16230 | Lair:6   | Noticed a fire dragon
 16242 | Lair:6   | Reached skill level 18 in Axes
 16254 | Lair:6   | Identified the +12 triple sword of Dominance {vorpal, Will-
                  | rCorr Str+2} (Trog gifted it to you on level 6 of the Lair
                  | of Beasts)
 16254 | Lair:6   | Received a gift from Trog
 16556 | Lair:6   | Found a large runed translucent door.
 16557 | Lair:6   | Found a large runed translucent door.
 17180 | Lair:6   | Killed a fire dragon
 18083 | D:9      | Found a white marble altar of Elyvilon.
 18389 | D:9      | Found Elem's Antique Armour Shoppe.
 18397 | D:9      | Received a gift from Trog
 18833 | D:6      | Bought a scroll of acquirement for 520 gold pieces
 18833 | D:6      | Acquired the amulet "Bodeu" {rF+ Regen+ Dex+5}
 18975 | D:10     | Entered Level 10 of the Dungeon
 19424 | D:10     | Found an opulent altar of Gozag.
 19606 | D:10     | Reached XP level 14. HP: 127/127 MP: 13/13
 19962 | D:11     | Found a staircase to the Orcish Mines.
 20413 | Orc:1    | Entered Level 1 of the Orcish Mines
 20413 | Orc:1    | Found Ylao's Armour Shoppe.
 20708 | Orc:1    | Noticed Urug
 20722 | Orc:1    | Killed Urug
 20812 | Orc:2    | Entered Level 2 of the Orcish Mines
 21146 | Orc:2    | Received a gift from Trog
 21308 | Orc:2    | Found a staircase to the Elven Halls.
 21404 | Orc:2    | Reached skill level 19 in Axes
 21521 | Orc:2    | Found Fuluwohutz's General Store.
 21521 | Orc:2    | Found Forati's Weapon Boutique.
 21616 | Orc:2    | Found Voikk's Distillery.
 21616 | Orc:2    | Found Huhuijei's Assorted Antiques.
 21647 | Orc:2    | Received a gift from Trog
 21716 | Orc:2    | Bought a +0 cloak of preservation for 195 gold pieces
 22420 | D:12     | Noticed Maurice
 22440 | D:12     | Killed Maurice
 22631 | D:12     | Identified the +1 ring mail of Death Resistance {Stlth+}
 22982 | D:13     | Found Ilog's Incredible Inventory.
 23539 | D:14     | Found a shimmering blue altar of Sif Muna.
 23622 | D:14     | Found a gate to the Vaults.
 23642 | D:14     | Reached XP level 15. HP: 125/136 MP: 14/14
 23931 | D:14     | Reached skill level 20 in Axes
 24387 | D:15     | Entered Level 15 of the Dungeon
 24532 | D:15     | Reached ****** piety under Trog
 24621 | D:15     | Identified the +3 broad axe "Jodirap" {vorpal, rF+} (Trog
                  | gifted it to you on level 15 of the Dungeon)
 24621 | D:15     | Received a gift from Trog
 24833 | D:15     | Found a staircase to the Depths.
 24963 | D:15     | Found a glowing golden altar of the Shining One.
 25528 | Spider:1 | Entered Level 1 of the Spider Nest
 25917 | Spider:1 | Reached skill level 5 in Throwing
 26184 | Spider:1 | Received a gift from Trog
 26858 | Spider:2 | Reached XP level 16. HP: 147/147 MP: 15/15
 27444 | Spider:2 | Reached skill level 21 in Axes
 27682 | Spider:3 | Received a gift from Trog
 28036 | Spider:4 | Entered Level 4 of the Spider Nest
 28305 | Spider:4 | Acquired the ring of Yddithrih {Fly rN+ MP+9 Int+3 SInv}
 28904 | Spider:4 | Reached skill level 15 in Fighting
 29399 | Spider:4 | Reached skill level 15 in Armour
 29490 | Spider:4 | Got a gossamer rune of Zot
 29627 | Shoals:1 | Entered Level 1 of the Shoals
 29733 | Lair:4   | Received a gift from Trog
 29806 | Shoals:1 | Reached XP level 17. HP: 111/156 MP: 16/16
 29927 | Shoals:1 | Found a frozen archway.
 29931 | IceCv    | Entered an ice cave
 30088 | IceCv    | Reached skill level 22 in Axes
 30408 | IceCv    | Identified the +2 pair of gloves of Defiance {rF+ Int-2
                  | Stlth+}
 30490 | IceCv    | Received a gift from Trog
 30828 | Shoals:1 | Found Qempec's Book Shoppe.
 31404 | Shoals:2 | Noticed Polyphemus
 31436 | Shoals:2 | Killed Polyphemus
 32113 | Shoals:2 | HP: 1/158 [merfolk impaler (15)]
 32113 | Shoals:2 | Slain by a merfolk impaler

Illustrated notes

Levels and vault maps discovered:
D:1:      mrwooster_arrival_arrow, layout_loops_ring, minmay_misc_feat_ornament
D:2:      layout_loops_ring, chequers_serial_rivers_micro_c,
          minmay_joined_circles
D:3:      layout_basic, ashenzari_altar_1, ebering_ecumenical_altar_box
D:4:      layout_layer_cave, nicolae_hepliaklqana_hippocampus, uniq_natasha,
          uniq_duvessa
D:5:      layout_rooms, minmay_temple_entry_poolview, serial_shops, shop
D:6:      layout_basic, grunt_temple_overflow_open,
          nicolae_overflow_hidden_temple, nicolae_wooded_promenade,
          kennysheep_flooded_box, uniq_eustachio
D:7:      layout_loops_ring
D:8:      layout_loops_cross, erik_lair_island
D:9:      layout_cave_pools, elyvilon_altar_5, serial_gnoll_camp,
          gnoll_camp_mini_house, gnoll_camp_mini_hut, gnoll_camp_mini_hut,
          gnoll_camp_mini_house, gnoll_camp_mini_hut, gnoll_camp_mini_shop
D:10:     layout_loops_corners, grunt_gozag_statues
D:11:     layout_basic, erik_orc_4
D:12:     layout_irregular_city, uniq_maurice
D:13:     layout_roguey, nicolae_alphabet_shops,
          hangedman_abyss_or_decor_stagger
D:14:     layout_roguey, erik_vaults_2, minmay_tree_intersection,
          grunt_decor_one_mirror, hangedman_abyss_or_decor_jellyfish_corner,
          nicolae_sif_muna_condensation
D:15:     hangedman_depths_entry_civil_slaughter, layout_loops_ring,
          minivault_24, nicolae_tso_carved_into_rock
Lair:1:   layout_cave_pods, grunt_megastairs_4
Lair:2:   layout_hall_layers, beast_lair_carwin_6
Lair:3:   layout_hall_layers, lemuel_fruit_fields, serial_bayou_shore_b,
          grunt_megastairs_1, lemuel_fruit_fields
Lair:4:   layout_regular_city, elwin_shoals_entry_rooms,
          nicolae_spider_entry_orb_guardian, worms_lemuel
Lair:5:   layout_roguey, minmay_slime_entry_jelly_boxes, grunt_megastairs_3,
          lemuel_fruit_fields, uniq_sonja
Lair:6:   cheibrodos_lair_end_hotspot, layout_gridlike, basic_altar
Shoals:1: layout_shoals, portal_ice_cave_entry_pillars_three, serial_shops, shop
Shoals:2: layout_shoals, serial_shops, nicolae_diamond_shop, st_sunken_huts,
          uniq_polyphemus
Spider:1: layout_spider_delve
Spider:2: layout_spider_delve, nicolae_spider_paper_wasps
Spider:3: layout_spider_delve
Spider:4: guppyfry_spider_rune
Orc:1:    layout_diamond_mine, serial_shops, shop_fountains, minmay_orc_keep,
          uniq_urug
Orc:2:    st_orc_town, layout_caves

Skill      XL: |  1  2  3  4  5  6  7  8  9 10 11 12 13 14 15 16 17 |
---------------+----------------------------------------------------+-----
Axes           | 4 5 6 8 9 11 12 14 15 17 18 19 20 21 22 | 22.3
Fighting       | 4 5 6 8 9 11 12 13 14 15 | 15.8
Throwing       | 1 2 4 5 7 8 |  8.4
Armour         | 3 4 5 7 9 10 12 13 14 15 | 15.5
Dodging        | 4 5 6 8 9 11 12 13 14 | 14.3
Evocations     | 2 3 4 |  4.0

Action                   |  1- 3 |  4- 6 |  7- 9 | 10-12 | 13-15 | 16-18 || total
-------------------------+-------+-------+-------+-------+-------+-------++-------
Melee: Hand axe          |    80 |    89 |       |       |       |       ||   169
       Headbutt          |    13 |    15 |    42 |    92 |   254 |   149 ||   565
       War axe           |       |    42 |   259 |   447 |    62 |       ||   810
       Battleaxe         |       |       |       |       |  1054 |   557 ||  1611
       Demon trident     |       |       |       |       |       |    17 ||    17
Throw: Boomerang         |       |     4 |     4 |       |    13 |    29 ||    50
       Dart              |       |       |       |     9 |       |       ||     9
Invok: Berserk           |     1 |     2 |     3 |    12 |     7 |     3 ||    28
       Brothers in Arms  |       |       |       |     1 |     2 |     6 ||     9
       Trog's Hand       |       |       |       |       |     3 |     3 ||     6
Evoke: Wand              |       |       |     2 |     3 |     4 |     2 ||    11
  Use: Scroll            |     3 |     7 |     5 |     4 |     5 |     4 ||    28
 Stab: Paralysed         |       |       |       |       |     1 |       ||     1
       Held in net/web   |       |       |       |       |       |     2 ||     2
Armor: Animal skin       |     4 |       |       |       |       |       ||     4
       Ring mail         |     5 |    42 |    65 |       |       |       ||   112
       Crystal plate arm |       |       |    21 |   249 |   449 |   161 ||   880
       Leather armour    |       |       |       |       |     6 |       ||     6
       Chain mail        |       |       |       |       |    84 |   216 ||   300
Dodge: Dodged            |    46 |    71 |   224 |   243 |   646 |   538 ||  1768
Block: Other             |       |       |       |       |       |    14 ||    14
       Reflection        |       |       |       |       |       |     4 ||     4
